 Dungeon Crawl Stone Soup version 0.24.0-13-gcf9b3192b9 (webtiles) character file.

Game seed: 1623501729886697498, levelgen mode: deterministic

631 Peloso the Slasher (level 7, 0/60 HPs)
             Began as a Minotaur Fighter on Nov 9, 2019.
             Was an Initiate of Okawaru.
             Slain by a gnoll
             ... wielding a +0 halberd
              (3 damage)
             ... on level 4 of the Dungeon.
             The game lasted 00:06:28 (3098 turns).

Peloso the Slasher (Minotaur Fighter)               Turns: 3098, Time: 00:06:31

Health: 0/60       AC: 13    Str: 21    XL:     7   Next: 24%
Magic:  6/6        EV:  6    Int:  5    God:    Okawaru [......]
Gold:   207        SH: 10    Dex: 11    Spells: 6/6 levels left

rFire    . . .     SeeInvis .   a - +1 falchion (holy)
rCold    . . .     Gourm    .   c - +0 shield
rNeg     . . .     Faith    .   b - +0 chain mail
rPois    +         Spirit   .   (helmet restricted)
rElec    .         Reflect  .   (no cloak)
rCorr    .         Harm     .   l - +0 pair of gloves
MR       .....                  (no boots)
Stlth    ..........             (no amulet)
HPRegen  0.20/turn              (no ring)
MPRegen  0.10/turn              (no ring)

@: studying Dodging
A: retaliatory headbutt, horns 2, yellow scales 1, poison resistance, MP-powered
wands
a: Renounce Religion


You were on level 4 of the Dungeon.
You worshipped Okawaru.
Okawaru was noncommittal.
You were hungry.

You visited 2 branches of the dungeon, and saw 5 of its levels.

You collected 207 gold pieces.

Inventory:

Hand Weapons
 a - a +1 falchion of holy wrath (weapon)
Armour
 b - a +0 chain mail (worn)
 c - a +0 shield (worn)
 l - a +0 pair of gloves (worn)
Wands
 o - a wand of iceblast (8)
Scrolls
 e - 4 scrolls of amnesia {unknown}
 g - 3 scrolls of identify {unknown}
 h - 2 scrolls of magic mapping {unknown}
 j - a scroll of teleportation {unknown}
 u - a scroll of remove curse {unknown}
Potions
 d - a potion of might
 i - 4 potions of lignification {unknown}
 k - 3 potions of mutation
 m - 2 potions of curing {unknown}
 n - 3 potions of degeneration {unknown}
 p - a potion of brilliance {unknown}
 q - a potion of heal wounds {unknown}
 r - a potion of haste
Books
 t - a manual of Dodging
Comestibles
 f - 4 rations


   Skills:
 + Level 4.8 Fighting
 + Level 6.2 Long Blades
 + Level 5.3 Armour
 + Level 1.5 Dodging
 + Level 0.4 Stealth
 + Level 6.0 Shields


You had 6 spell levels left.
You didn't know any spells.
Your spell library contained the following spells:

 Spells                   Type           Power        Failure   Level  Hunger
 Corona                   Hex            #......      100%        1    ##.....
 Ensorcelled Hibernation  Hex/Ice        #.....       100%        2    ###....
 Confuse                  Hex            #.......     100%        3    ####...
 Dazzling Spray           Conj/Hex       #.....       100%        3    ####...
 Tukima's Dance           Hex            #.......     100%        3    ####...


Dungeon Overview and Level Annotations

Branches:
Dungeon (4/15)             Temple (1/1) D:4

Altars:
Elyvilon
Fedhas
Gozag
Hepliaklqana
Makhleb
Nemelex Xobeh
Okawaru
Ru
Wu Jian
Xom
Zin
The Shining One


Innate Abilities, Weirdness & Mutations

You reflexively headbutt those who attack you in melee.
You have a pair of horns on your head.
You are partially covered in yellow scales. (AC +2)
Your system is resistant to poisons. (rPois)
You expend magic power (3 MP) to strengthen your wands.


Message History

* * * LOW HITPOINT WARNING * * *
You hit the gnoll sergeant but do no damage.
The gnoll sergeant is almost dead.
You are feeling hungry.
The gnoll sergeant hits you with a +0 spear.
* * * LOW HITPOINT WARNING * * *
The gnoll hits you from afar with a +0 spear.
* * * LOW HITPOINT WARNING * * *
You block the gnoll's attack.
You hit the gnoll sergeant but do no damage.
The gnoll sergeant is almost dead.
The gnoll sergeant hits you but does no damage.
You block the gnoll's attack. The gnoll barely misses you.
You hit the gnoll sergeant but do no damage.
The gnoll sergeant is almost dead.
The gnoll sergeant hits you but does no damage.
The gnoll hits you from afar with a +0 spear.
* * * LOW HITPOINT WARNING * * *
The gnoll hits you from afar with a +0 halberd.
You die...

#.... .......#### #....... .
#.##.###.......... #####...
..#................. #...
...............$.... #...
###..>g............. ###...
#....g.....g........ #.....
..........##'###### #...##
.....gg...##g##### #...#
..<.########gg@..#########...##
... #####........#....+. ..
#..#####.#....#. #
#..#...#.#....#.
#........#....#.
#.##.....#....#.
#.####.#.#.#...#
#......#.#.###.# #######....#
#.#


You could see a gnoll sergeant and 2 gnolls.

Vanquished Creatures
  Sigmund (D:3)
  An orc priest (D:4)
  Natasha (thrice) (D:3)
  An iguana (D:4)
  4 orc wizards
  A worker ant (D:4)
  4 gnolls
  5 adders
  2 oozes (D:2)
  2 adder skeletons (D:4)
  2 worms (D:4)
  2 dart slugs
  4 leopard geckos
  12 orcs
  3 giant cockroaches
  7 goblins
  9 hobgoblins
  17 jackals
  2 kobolds
  3 quokkas
  6 ball pythons
  4 bats
  5 frilled lizards
  8 rats
108 creatures vanquished.

Notes
Turn   | Place    | Note
-------+----------+-------------------------------------------
     0 | D:1      | Peloso the Minotaur Fighter began the quest for the Orb.
     0 | D:1      | Reached XP level 1. HP: 19/19 MP: 0/0
   162 | D:1      | Reached XP level 2. HP: 25/27 MP: 1/1
   235 | D:1      | Gained mutation: Your system is resistant to poisons.
                  | (rPois) [potion of mutation]
   235 | D:1      | Gained mutation: You expend magic power (3 MP) to
                  | strengthen your wands. [potion of mutation]
   235 | D:1      | Gained mutation: You are partially covered in yellow
                  | scales. (AC +2) [potion of mutation]
   411 | D:1      | Reached XP level 3. HP: 33/33 MP: 2/2
   985 | D:2      | Reached XP level 4. HP: 40/40 MP: 3/3
  1584 | D:3      | Reached skill level 1 in Dodging
  1673 | D:3      | Reached XP level 5. HP: 46/46 MP: 4/4
  1817 | D:3      | Noticed Sigmund
  1835 | D:3      | Killed Sigmund
  1835 | D:3      | Reached skill level 5 in Long Blades
  1835 | D:3      | Reached skill level 5 in Armour
  1835 | D:3      | Reached XP level 6. HP: 37/53 MP: 5/5
  1853 | D:3      | Found a sacrificial altar of Ru.
  2113 | D:3      | Reached skill level 5 in Shields
  2213 | D:3      | Noticed Natasha
  2217 | D:3      | Killed Natasha
  2268 | D:3      | Noticed Natasha
  2277 | D:3      | Killed Natasha
  2357 | D:3      | Noticed Natasha
  2363 | D:3      | Killed Natasha
  2538 | D:4      | Found a staircase to the Ecumenical Temple.
  2545 | Temple   | Entered the Ecumenical Temple
  2552 | Temple   | Became a worshipper of Warmaster Okawaru
  2752 | D:4      | Reached XP level 7. HP: 51/60 MP: 6/6
  2852 | D:4      | Found a burning altar of Makhleb.
  3098 | D:4      | HP: 3/60 [gnoll/+0 spear (1)]
  3098 | D:4      | Slain by a gnoll

Levels and vault maps discovered:
D:1:      psy_arrival_radial02, layout_loops_ring
D:2:      layout_loops_ring, minmay_misc_feat_ornament,
          minmay_shallow_snake_nest
D:3:      layout_basic, minmay_misc_feat_pillars,
          nicolae_ru_sacrificial_ziggurat, uniq_natasha, uniq_sigmund
D:4:      layout_basic, lemuel_round_altar, minmay_temple_entry_overgrown,
          first_ration, minmay_manual_mail
Temple:   eino_temple_lava

Skill      XL: |  1  2  3  4  5  6  7 |
---------------+----------------------+-----
Shields        | 4 5 6 |  6.0
Fighting       | 4 |  4.8
Armour         | 4 5 |  5.3
Long Blades    | 3 4 5 6 |  6.2
Dodging        | 1 |  1.5
Stealth        | |  0.4

Action                   |  1- 3 |  4- 6 |  7- 9 || total
-------------------------+-------+-------+-------++-------
Melee: Long sword        |    98 |    69 |       ||   167
       Headbutt          |    12 |    28 |    10 ||    50
       Falchion          |       |    68 |    58 ||   126
  Use: Potion            |     2 |       |       ||     2
  Eat: Chunk             |       |     6 |     1 ||     7
Armor: Scale mail        |    28 |       |       ||    28
       Chain mail        |    61 |    74 |    29 ||   164
Dodge: Dodged            |    30 |    34 |    11 ||    75
Block: Shield            |    62 |    62 |    28 ||   152
       Rpst.: Long sword |    12 |     6 |       ||    18
       Falchion          |       |       |     1 ||     1
